 Dungeon Crawl Stone Soup version 0.29-a0-39-g581ba40fa7 (webtiles) character file.

Game seed: 6921305145422817621

60 Essalna the Digger (level 3, -5/25 HPs)
             Began as a Demonspawn Earth Elementalist on Feb 1, 2022.
             Slain by Crazy Yiuf (9 damage)
             ... on level 3 of the Dungeon.
             The game lasted 00:04:03 (2495 turns).

Essalna the Digger (Demonspawn Earth Elementalist)  Turns: 2495, Time: 00:04:04

Health: -5/25      AC:  3    Str:  8    XL:     3   Next: 82%
Magic:  5/7        EV: 11    Int: 18    God:
Gold:   147        SH:  3    Dex: 13    Spells: 4/8 levels left

rFire   . . .      SeeInvis .   k - staff of earth
rCold   . . .      Faith    .   a - +0 buckler
rNeg    . . .      Spirit   .   b - +0 robe
rPois   .          Reflect  .   (no helmet)
rElec   .          Harm     .   (no cloak)
rCorr   .          Rampage  .   i - +0 pair of gloves
Will    .....                   (no boots)
Stlth   ++........              (no amulet)
HPRegen 0.08/turn               (no ring)
MPRegen 0.10/turn               (no ring)

@: very slightly contaminated
A: demonic guardian 1
a: no special abilities


You were on level 3 of the Dungeon.
You visited 1 branch of the dungeon, and saw 3 of its levels.

You collected 147 gold pieces.

Inventory:

Hand Weapons
 e - a +0 dagger
Missiles
 c - 18 stones
Armour
 a - a +0 buckler (worn)
 b - a +0 robe (worn)
 i - a +0 pair of gloves (worn)
Magical Staves
 k - a staff of earth (weapon)
Jewellery
 f - an amulet of faith
Wands
 l - a wand of acid (9)
Scrolls
 d - a scroll of acquirement {unknown}
 j - a scroll of teleportation {unknown}
Potions
 g - a potion of brilliance {unknown}
 h - a potion of magic {unknown}


   Skills:
 + Level 0.4 Fighting
 - Level 1.7 Dodging
 - Level 1.7 Stealth
 + Level 0.2 Shields
 + Level 3.0 Spellcasting
 + Level 0.2 Conjurations
 - Level 0.8 Transmutations
 + Level 3.5 Earth Magic


You had 4 spell levels left.
You knew the following spells:

 Your Spells              Type           Power      Damage    Failure   Level
a - Sandblast             Erth           46%        2d11      5%          1
b - Stone Arrow           Conj/Erth      28%        3d8       30%         3

Your spell library contained the following spells:

 Spells                   Type           Power      Damage    Failure   Level
 Passwall                 Tmut/Erth      12%        N/A       14%         2
 Ignite Poison            Fire/Tmut/Pois 3%         N/A       52%         3
 Conjure Flame            Conj/Fire      3%         6-21      54%         3
 Petrify                  Tmut/Erth      15%        N/A       65%         4
 Sticky Flame             Conj/Fire      3%         2d3       91%         4


Dungeon Overview and Level Annotations

Branches:
Dungeon (3/15)

Altars:
Uskayaw

Shops:
D:1 =

Annotations:
D:3 Crazy Yiuf


Innate Abilities, Weirdness & Mutations

A weak demonic guardian rushes to your aid.


Message History

Done exploring.
Done exploring.
There is an escape hatch in the floor here.
There is a stone staircase leading down here.
You climb downwards.
There is a stone staircase leading up here.
A quokka comes into view.
You feel a surge of power!
You miscast Sandblast.
You are very lightly contaminated with residual magic.
Nothing appears to happen.
You feel a surge of power!
The blast of sand hits the quokka!
You kill the quokka!
Your magical contamination has completely faded away.
Magic restored.
You see here a quokka corpse.
You now have 147 gold pieces (gained 11).
Found a mace.
Found a runed translucent door.
As you open the door, it creaks loudly!
Crazy Yiuf grits, "Blight seventy senile!"
Casting: Sandblast (safe; 5% risk of failure)
Confirm with . or Enter, or press ? or * to list all spells.
Aiming: Sandblast (safe; 5% risk of failure)
Press: ? - help, Shift-Dir - straight line, f - Crazy Yiuf
Aim: Crazy Yiuf, wielding a +2 quarterstaff of chaos and wearing a +0 cloak (83% to hit)
You feel a surge of power!
You miscast Sandblast.
You are very lightly contaminated with residual magic.
Nothing appears to happen.
Crazy Yiuf hits you with a +2 quarterstaff of chaos!
Ouch! That really hurt!
A demonic guardian appears!
You convulse.
* * * LOW HITPOINT WARNING * * *
Casting: Sandblast (safe; 5% risk of failure)
Confirm with . or Enter, or press ? or * to list all spells.
Aiming: Sandblast (safe; 5% risk of failure)
Press: ? - help, Shift-Dir - straight line, f/p - Crazy Yiuf
Aim: Crazy Yiuf, wielding a +2 quarterstaff of chaos and wearing a +0 cloak (ally target, 83% to hit)
You feel a surge of power!
The blast of sand hits Crazy Yiuf.
Crazy Yiuf is moderately wounded.
Crazy Yiuf hits you with a +2 quarterstaff of chaos!
You die...

##### #..)#
#...# ... #
#g# # ##@#
############
#5##
#.......#...
##.#
#######.#.##
#.## #.#.##
##.## #.#.##
#..P## #.#.#
#PP..#
#.#.##
#....#
#.....
##..##
#.###.


You could see Crazy Yiuf (ally target) and a friendly shadow imp (summoned).

Vanquished Creatures
  3 dart slugs (D:1)
  4 orcs (D:2)
  A ball python (D:1)
  7 endoplasms
  2 giant cockroaches
  3 hobgoblins
  8 jackals
  2 quokkas
  A bat (D:1)
  3 frilled lizards (D:1)
  5 goblins
  4 kobolds
  2 rats (D:1)
45 creatures vanquished.

Notes
Turn   | Place    | Note
-------+----------+-------------------------------------------
     0 | D:1      | Essalna the Demonspawn Earth Elementalist began the quest
                  | for the Orb.
     0 | D:1      | Reached XP level 1. HP: 13/13 MP: 3/3
   234 | D:1      | Found a faded altar of an unknown god.
   267 | D:1      | Gained mutation: A weak demonic guardian rushes to your
                  | aid. [demonic ancestry]
   267 | D:1      | Reached XP level 2. HP: 19/19 MP: 1/5
   978 | D:1      | Found Goex's Jewellery Emporium.
  1023 | D:1      | Reached XP level 3. HP: 24/24 MP: 5/7
  1511 | D:2      | Learned a level 3 spell: Stone Arrow
  1512 | D:2      | Found a hide-covered altar of Uskayaw.
  2489 | D:3      | Found a runed translucent door.
  2490 | D:3      | Noticed Crazy Yiuf
  2495 | D:3      | Slain by Crazy Yiuf

Illustrated notes

Levels and vault maps discovered:
D:1:      erik_arrival_orb_chamber, layout_rooms,
          ebering_ecumenical_altar_petrified, serial_co_window_serial,
          co_window_corner_a, co_window_corner_a, co_window_paths_b,
          co_window_corner_a, co_window_corner_a, co_window_paths_b,
          co_window_paths_b, co_window_of_opportunity_b, co_window_broadway_a,
          co_window_broadway_c, co_window_corner_ca, co_window_broadway_a,
          co_window_4corner_b, co_window_paths_e, glass_columns_b,
          glass_columns_b, serial_shops, shop
D:2:      layout_basic, basic_altar
D:3:      layout_loops_ring, nemelex_xobeh_ov_fountains_minmay,
          uniq_crazy_yiuf_cottage

Skill      XL: |  1  2  3 |
---------------+----------+-----
Earth Magic    | 3 |  3.5
Spellcasting   | 3 |  3.0
Fighting       | |  0.4
Dodging        | |  1.7
Stealth        | |  1.7
Shields        | |  0.2
Conjurations   | |  0.2
Transmutations | |  0.8

Action                   || total
-------------------------++-------
Melee: Dagger            ||    21
       Staff             ||    13
 Cast: Sandblast         ||    55
Armor: Robe              ||    17
Dodge: Dodged            ||    38
Block: Buckler           ||    11

Table legend: (Time is in decaauts)
 A = Elapsed time spent in this place.
 B = Non-inter-level travel time spent in this place.
 C = Inter-level travel time spent in this place.
 D = Time resting spent in this place.
 E = Time spent auto-exploring this place.
 F = Levels seen in this place.
 G = Mean time per level.
                   A        B        C        D        E       F      G
               +--------+--------+--------+--------+--------+-----+--------+
         Total |   2497 |   2416 |     81 |      0 |   2069 |   3 |  832.3 |
       Dungeon |   2497 |   2416 |     81 |      0 |   2069 |   3 |  832.3 |
               +--------+--------+--------+--------+--------+-----+--------+

Top non-repeatable levels by time:
     D:1: 1296 daAuts
     D:2: 1087 daAuts
     D:3: 113 daAuts
